Lightning vs Islanders

Created - 10 octobre 2017 at 17:29

Goals
1 2 3 T
Lightning 0 1 1 2
Islanders 0 0 1 1
Shots
1 2 3 T
Lightning 16 8 11 35
Islanders 12 6 10 28

1st period

No Goal

Penalties :
Jonathan Marchessault (TAM) for Cross-checking (Minor) at 4:35

2nd period

1. Lightning , Matt Cullen 1 (Nick Foligno 1, Andrej Sekera 1) at 13:47

Penalties :
Radko Gudas (TAM) for Hooking (Minor) at 8:16, Nicklas Backstrom (NYI) for Hooking (Minor) at 15:18

3rd period

2. Lightning , Antoine Vermette 1 (Jussi Jokinen 1) at 8:31
3. Islanders , Matt Dumba 1 (Jesper Fast 1) at 10:30 (PP)

Penalties :
Dennis Seidenberg (TAM) for High sticking (Minor) at 0:56, Radko Gudas (TAM) for Hooking (Minor) at 9:22

Goalie Stats

Braden Holtby (TAM), 27 saves from 28 shots - (0,964), W, 2-0-0, 60:00 minutes
Corey Crawford (NYI), 33 saves from 35 shots - (0,943), L, 0-2-0, 59:00 minutes

Players Stats for Lightning

Player Name              G  A  P  +/- PIM S  H  SB GA TA FO     MP     PP MP  PK MP  
------------------------------------------------------------------------------------
Andrej Sekera            0  1  1   1  0   2  1  4  0  0  0/0    23:44   0:52   4:36 
Antoine Vermette         1  0  1   1  0   4  1  0  1  0  4/7    13:06   0:16   0:03 
Carl Soderberg           0  0  0   0  0   0  1  0  0  0  4/4     8:14   0:00   0:00 
Dennis Seidenberg        0  0  0   0  2   0  1  1  0  0  0/0    19:50   0:00   1:22 
Drew Stafford            0  0  0   0  0   3  1  0  1  0  1/2    10:34   0:00   1:41 
Johnny Boychuk           0  0  0   1  0   1  2  0  0  1  0/0    21:41   1:07   4:00 
Jonathan Marchessault    0  0  0   0  2   1  0  0  1  0  0/1    15:30   0:00   0:00 
Jussi Jokinen            0  1  1   1  0   2  1  0  0  0  2/3    17:35   1:00   4:17 
Matt Cullen              1  0  1   1  0   4  0  0  1  0  3/4    17:41   0:44   3:45 
Michal Rozsival          0  0  0   0  0   1  3  2  0  0  0/0    15:19   0:00   0:00 
Nick Foligno             0  1  1   1  0   8  2  0  0  0  1/2    18:02   0:59   1:43 
Noah Hanifin             0  0  0   1  0   1  0  1  0  0  0/0    17:43   0:52   2:12 
Radim Vrbata             0  0  0   1  0   2  0  0  0  0  4/12   15:15   1:00   0:00 
Radko Gudas              0  0  0   1  4   1  0  1  0  0  0/0    22:05   1:07   2:00 
Ryan Dzingel             0  0  0   1  0   0  0  0  0  0  0/0    13:29   0:00   0:58 
Ryan Nugent-Hopkins      0  0  0   0  0   1  1  0  0  0  10/18  18:13   0:59   1:43 
Tyler Seguin             0  0  0   0  0   3  1  0  4  0  0/1    16:36   0:59   0:00 
Viktor Stalberg          0  0  0   0  0   1  1  1  1  1  1/1     8:14   0:00   0:00 

Players Stats for Islanders

Player Name              G  A  P  +/- PIM S  H  SB GA TA FO     MP     PP MP  PK MP  
------------------------------------------------------------------------------------
Alex Goligoski           0  0  0   0  0   0  1  3  0  2  0/0    26:36   4:13   1:19 
Chris Mueller            0  0  0   0  0   4  0  1  0  0  0/0    17:46   3:36   0:00 
Colin Greening           0  0  0  -1  0   0  1  0  0  1  0/1     8:34   0:00   0:53 
Jake Gardiner            0  0  0  -1  0   0  1  0  0  0  0/0    18:54   2:52   0:40 
Jesper Fast              0  1  1   0  0   5  2  0  1  1  0/0    18:01   3:36   0:15 
Jordie Benn              0  0  0  -1  0   0  0  2  0  1  0/0    14:30   0:00   0:00 
Justin Scott             0  0  0  -1  0   0  2  0  0  0  0/2     7:41   0:00   0:00 
Karl Alzner              0  0  0   0  0   2  1  3  0  0  0/0    26:36   4:13   1:19 
Kerby Rychel             0  0  0  -1  0   1  1  0  0  0  0/0    12:20   0:00   0:42 
Kyle Palmieri            0  0  0   0  0   3  2  0  0  2  0/0    20:54   3:29   0:00 
Logan Shaw               0  0  0  -1  0   0  2  1  0  0  0/0     7:41   0:00   0:00 
Matt Dumba               1  0  1  -1  0   3  2  3  0  0  0/0    18:54   2:52   0:40 
Nicklas Backstrom        0  0  0   0  2   3  2  0  0  0  13/22  20:55   3:29   0:00 
Radek Faksa              0  0  0  -1  0   2  1  1  0  0  3/8    12:34   0:00   0:56 
Ryan Murray              0  0  0  -1  0   0  1  1  0  0  0/0    14:30   0:00   0:00 
Timo Meier               0  0  0  -1  0   1  0  0  0  1  0/2    11:38   0:00   0:00 
Tyler Bozak              0  0  0   0  0   1  2  0  1  1  8/18   17:58   3:36   0:10 
Vladimir Tarasenko       0  0  0   0  0   3  2  1  0  0  1/2    21:58   3:29   1:02 

3 Stars

1 - Braden Holtby (TAM)
2 - Antoine Vermette (TAM)
3 - Corey Crawford (NYI)

Power Play

Lightning - 0 on 1 Attempt(s) - 0,00%
Islanders - 1 on 4 Attempt(s) - 25,00%

Penalty Kill

Lightning - 3 on 4 Attempt(s) - 75,00% - Score 0 goal in Penalty Kill
Islanders - 1 on 1 Attempt(s) - 100,00% - Score 0 goal in Penalty Kill

Team Stat

Lightning - Hits : 16 - Faceoff Wins : 30 - Blocked Shots : 10 - Penalty Minutes : 8
Islanders - Hits : 23 - Faceoff Wins : 25 - Blocked Shots : 16 - Penalty Minutes : 2

Official

Referees : Marc Joannette and Mike Hasenfratz
Linesman : Derek Nansen and Vaughan Rody

Game Notes

Johnny Boychuk is injured at 12:49 of 3rd period (Right Foot)

Finance

Level 1 -- Attendance: 5376 (89,60%) -- Ticket Income 537 600 $
Level 2 -- Attendance: 4934 (98,68%) -- Ticket Income 296 040 $
Level 3 -- Attendance: 1981 (99,05%) -- Ticket Income 69 335 $
Level 4 -- Attendance: 4000 (100,00%) -- Ticket Income 80 000 $
Luxury Box -- Attendance: 734 (73,40%) -- Ticket Income 146 800 $
Game was played at the Long Island Arena.
Total Attendance: 17025 (94,58%)
Total Ticket Income: 1 129 775 $
Other Income: 553 590 $
Total Income: 1 683 365 $

Lightning

5 vs 5 Forward 
   Center                   Left Wing                Right Wing               Time % Phy DF OF 
 1 Ryan Nugent-Hopkins      Jonathan Marchessault    Tyler Seguin             31     0   1  4  
 2 Radim Vrbata             Matt Cullen              Nick Foligno             30     0   1  4  
 3 Antoine Vermette         Ryan Dzingel             Jussi Jokinen            26     0   1  4  
 4 Carl Soderberg           Viktor Stalberg          Drew Stafford            13     0   1  4  

5 vs 5 Defense 
   Defense                  Defense                                           Time % Phy DF OF 
 1 Andrej Sekera            Radko Gudas                                       40     0   1  4  
 2 Dennis Seidenberg        Johnny Boychuk                                    30     0   1  4  
 3 Michal Rozsival          Noah Hanifin                                      20     0   1  4  
 4 Johnny Boychuk           Andrej Sekera                                     10     0   1  4  

PowerPlay Forward 
   Center                   Left Wing                Right Wing               Time % Phy DF OF 
 1 Ryan Nugent-Hopkins      Nick Foligno             Tyler Seguin             60     0   0  5  
 2 Matt Cullen              Jussi Jokinen            Radim Vrbata             40     0   0  5  

PowerPlay Defense
   Defense                  Defense                                           Time % Phy DF OF 
 1 Johnny Boychuk           Radko Gudas                                       60     0   1  4  
 2 Andrej Sekera            Noah Hanifin                                      40     0   1  4  

Penalty Kill 4 Players Forward 
   Center                   Wing                     Time % Phy DF OF 
 1 Matt Cullen              Jussi Jokinen            60     0   4  1  
 2 Ryan Nugent-Hopkins      Nick Foligno             40     0   4  1  

Penalty Kill 4 Players Defense
   Defense                  Defense                  Time % Phy DF OF 
 1 Johnny Boychuk           Radko Gudas              60     0   4  1  
 2 Dennis Seidenberg        Andrej Sekera            40     0   4  1  

Penalty Kill - 3 Players Forward 
   Forward                                           Time % Phy DF OF 
 1 Matt Cullen                                       60     0   4  1  
 2 Nick Foligno                                      40     0   4  1  

Penalty Kill - 3 Players Defense
   Defense                  Defense                  Time % Phy DF OF 
 1 Johnny Boychuk           Radko Gudas              60     0   4  1  
 2 Dennis Seidenberg        Andrej Sekera            40     0   4  1  

4 vs 4 Forward 
   Center                   Wing                     Time % Phy DF OF 
 1 Tyler Seguin             Nick Foligno             60     1   2  2  
 2 Radim Vrbata             Ryan Nugent-Hopkins      40     1   2  2  

4 vs 4 Defense
   Defense                  Defense                  Time % Phy DF OF 
 1 Johnny Boychuk           Radko Gudas              60     1   2  2  
 2 Dennis Seidenberg        Noah Hanifin             40     1   2  2  

Last Minutes Offensive
   Center                   Left Wing                Right Wing               Defense                  Defense                  
   Tyler Seguin             Nick Foligno             Radim Vrbata             Andrej Sekera            Noah Hanifin             

Last Minutes Defensive
   Center                   Left Wing                Right Wing               Defense                  Defense                  
   Tyler Seguin             Nick Foligno             Radim Vrbata             Johnny Boychuk           Radko Gudas              

Goaltenders
Starting : Braden Holtby            
Backup : Eddie Lack               

Extra Forwards
Normal : Jussi Jokinen, Antoine Vermette, Drew Stafford - PP : Jussi Jokinen, Antoine Vermette - PK : Drew Stafford
Extra Defensemen
Normal : Michal Rozsival, Johnny Boychuk, Dennis Seidenberg - PP : Michal Rozsival - PK : Andrej Sekera, Dennis Seidenberg
Penalty Shots
Tyler Seguin, Radim Vrbata, Ryan Nugent-Hopkins, Jonathan Marchessault, Matt Cullen
Custom OT Lines Forwards
Tyler Seguin, Nick Foligno, Radim Vrbata, Ryan Nugent-Hopkins, Matt Cullen, Jonathan Marchessault, Jussi Jokinen, Antoine Vermette, Drew Stafford, Viktor Stalberg
Custom OT Lines Defensemen
Johnny Boychuk, Radko Gudas, Dennis Seidenberg, Noah Hanifin, Michal Rozsival

Scratches
Eric Tangradi (Healthy), Colin Miller (Healthy)

Islanders

5 vs 5 Forward 
   Center                   Left Wing                Right Wing               Time % Phy DF OF 
 1 Nicklas Backstrom        Kyle Palmieri            Vladimir Tarasenko       40     1   2  2  
 2 Tyler Bozak              Jesper Fast              Chris Mueller            30     1   2  2  
 3 Radek Faksa              Kerby Rychel             Timo Meier               20     1   2  2  
 4 Justin Scott             Colin Greening           Logan Shaw               10     1   2  2  

5 vs 5 Defense 
   Defense                  Defense                                           Time % Phy DF OF 
 1 Alex Goligoski           Karl Alzner                                       40     1   2  2  
 2 Jake Gardiner            Matt Dumba                                        30     1   2  2  
 3 Jordie Benn              Ryan Murray                                       20     1   2  2  
 4 Alex Goligoski           Karl Alzner                                       10     1   2  2  

PowerPlay Forward 
   Center                   Left Wing                Right Wing               Time % Phy DF OF 
 1 Nicklas Backstrom        Kyle Palmieri            Vladimir Tarasenko       60     1   2  2  
 2 Tyler Bozak              Jesper Fast              Chris Mueller            40     1   2  2  

PowerPlay Defense
   Defense                  Defense                                           Time % Phy DF OF 
 1 Alex Goligoski           Karl Alzner                                       60     1   2  2  
 2 Jake Gardiner            Matt Dumba                                        40     1   2  2  

Penalty Kill 4 Players Forward 
   Center                   Wing                     Time % Phy DF OF 
 1 Nicklas Backstrom        Vladimir Tarasenko       60     1   2  2  
 2 Kyle Palmieri            Tyler Bozak              40     1   2  2  

Penalty Kill 4 Players Defense
   Defense                  Defense                  Time % Phy DF OF 
 1 Alex Goligoski           Karl Alzner              60     1   2  2  
 2 Jake Gardiner            Matt Dumba               40     1   2  2  

Penalty Kill - 3 Players Forward 
   Forward                                           Time % Phy DF OF 
 1 Nicklas Backstrom                                 60     1   2  2  
 2 Vladimir Tarasenko                                40     1   2  2  

Penalty Kill - 3 Players Defense
   Defense                  Defense                  Time % Phy DF OF 
 1 Alex Goligoski           Karl Alzner              60     1   2  2  
 2 Jake Gardiner            Matt Dumba               40     1   2  2  

4 vs 4 Forward 
   Center                   Wing                     Time % Phy DF OF 
 1 Nicklas Backstrom        Vladimir Tarasenko       60     1   2  2  
 2 Kyle Palmieri            Tyler Bozak              40     1   2  2  

4 vs 4 Defense
   Defense                  Defense                  Time % Phy DF OF 
 1 Alex Goligoski           Karl Alzner              60     1   2  2  
 2 Jake Gardiner            Matt Dumba               40     1   2  2  

Last Minutes Offensive
   Center                   Left Wing                Right Wing               Defense                  Defense                  
   Nicklas Backstrom        Kyle Palmieri            Vladimir Tarasenko       Alex Goligoski           Karl Alzner              

Last Minutes Defensive
   Center                   Left Wing                Right Wing               Defense                  Defense                  
   Nicklas Backstrom        Kyle Palmieri            Vladimir Tarasenko       Alex Goligoski           Karl Alzner              

Goaltenders
Starting : Corey Crawford           
Backup : Al Montoya               

Extra Forwards
Normal : Radek Faksa, Kerby Rychel, Colin Greening - PP : Radek Faksa, Kerby Rychel - PK : Colin Greening
Extra Defensemen
Normal : Jordie Benn, Ryan Murray, Jake Gardiner - PP : Jordie Benn - PK : Ryan Murray, Jake Gardiner
Penalty Shots
Nicklas Backstrom, Vladimir Tarasenko, Kyle Palmieri, Tyler Bozak, Radek Faksa
Custom OT Lines Forwards
Nicklas Backstrom, Vladimir Tarasenko, Kyle Palmieri, Tyler Bozak, Radek Faksa, Jesper Fast, Chris Mueller, Kerby Rychel, Colin Greening, Timo Meier
Custom OT Lines Defensemen
Alex Goligoski, Karl Alzner, Jake Gardiner, Matt Dumba, Jordie Benn

Scratches
Mikhail Grigorenko (Healthy), Brandon Saad (Healthy), James Neal (Healthy), Philip Larsen (Healthy), Gus Young (Healthy)
David Shields (Healthy), Chris Breen (Healthy), Sam Brittain (Healthy), Daniel Altshuller (Healthy)

% Time on Ice - Lightning

Lines # - Real PCT - Wanted PCT - Time Play
Normal Forward
1 - 30% - 31% - 14:50
2 - 28% - 30% - 14:09
3 - 25% - 26% - 12:31
4 - 17% - 13% - 8:14
Normal Defense
1 - 38% - 40% - 18:43
2 - 36% - 30% - 18:06
3 - 22% - 20% - 10:50
4 - 4% - 10% - 2:05
PP Forward
1 - 50% - 60% - 0:59
2 - 50% - 40% - 1:00
PP Defense
1 - 56% - 60% - 1:07
2 - 44% - 40% - 0:52
PK Forward
1 - 76% - 60% - 5:22
2 - 24% - 40% - 1:43
PK Defense
1 - 72% - 60% - 5:07
2 - 28% - 40% - 1:58
PK3 Forward
1 - 0% - 60%
2 - 0% - 40%
PK3 Defense
1 - 0% - 60%
2 - 0% - 40%
44 Forward
1 - 0% - 60%
2 - 0% - 40%
44 Defense
1 - 0% - 60%
2 - 0% - 40%
Last Minute Offensive  - 0:00
Last Minute Defensive  - 1:12
Total
Forward - 60:00
Defense - 60:00

% Time on Ice - Islanders

Lines # - Real PCT - Wanted PCT - Time Play
Normal Forward
1 - 33% - 40% - 16:12
2 - 29% - 30% - 14:10
3 - 23% - 20% - 11:38
4 - 15% - 10% - 7:41
Normal Defense
1 - 36% - 40% - 18:08
2 - 31% - 30% - 15:22
3 - 29% - 20% - 14:30
4 - 3% - 10% - 1:41
PP Forward
1 - 49% - 60% - 3:29
2 - 51% - 40% - 3:36
PP Defense
1 - 60% - 60% - 4:13
2 - 40% - 40% - 2:52
PK Forward
1 - 100% - 60% - 1:59
2 - 0% - 40% - 0:00
PK Defense
1 - 66% - 60% - 1:19
2 - 34% - 40% - 0:40
PK3 Forward
1 - 0% - 60%
2 - 0% - 40%
PK3 Defense
1 - 0% - 60%
2 - 0% - 40%
44 Forward
1 - 0% - 60%
2 - 0% - 40%
44 Defense
1 - 0% - 60%
2 - 0% - 40%
Last Minute Offensive  - 1:15
Last Minute Defensive  - 0:00
Total
Forward - 60:00
Defense - 60:00

Play by Play

1st period


0:01 of 1st period - Ryan Nugent-Hopkins wins face-off versus Nicklas Backstrom in neutral zone.
0:14 of 1st period - Snap shot by Vladimir Tarasenko.
0:14 of 1st period - Shot Misses the Net.
0:30 of 1st period - Off-side.
0:31 of 1st period - Tyler Bozak wins face-off versus Antoine Vermette in neutral zone.
0:49 of 1st period - Wrist shot by Jussi Jokinen.
0:49 of 1st period - Stopped by Corey Crawford without a rebound.
0:50 of 1st period - Radim Vrbata wins face-off versus Radek Faksa in Islanders zone.
1:17 of 1st period - Logan Shaw is hit by Viktor Stalberg and loses puck.
1:28 of 1st period - Logan Shaw is hit by Drew Stafford and loses puck.
2:06 of 1st period - Wrist shot by Tyler Seguin.
2:06 of 1st period - Stopped by Corey Crawford with a rebound.
2:08 of 1st period - Slapshot by Andrej Sekera.
2:08 of 1st period - Stopped by Corey Crawford with a rebound.
2:10 of 1st period - Wrist shot by Ryan Nugent-Hopkins.
2:10 of 1st period - Stopped by Corey Crawford without a rebound.
2:11 of 1st period - Nicklas Backstrom wins face-off versus Radim Vrbata in Islanders zone.
3:02 of 1st period - Andrej Sekera is hit by Tyler Bozak and loses puck.
3:36 of 1st period - Andrej Sekera is hit by Nicklas Backstrom and loses puck.
3:41 of 1st period - Wrist shot by Vladimir Tarasenko.
3:41 of 1st period - Deflect By Kyle Palmieri.
3:41 of 1st period - Stopped by Braden Holtby without a rebound.
3:42 of 1st period - Nicklas Backstrom wins face-off versus Radim Vrbata in Lightning zone.
4:03 of 1st period - Snap shot by Kyle Palmieri.
4:03 of 1st period - Stopped by Braden Holtby with a rebound.
4:09 of 1st period - Jussi Jokinen is hit by Kyle Palmieri and loses puck.
4:35 of 1st period - Minor Penalty to Jonathan Marchessault for Cross-checking.
4:36 of 1st period - Tyler Bozak wins face-off versus Matt Cullen in Lightning zone.
6:35 of 1st period - Penalty to Jonathan Marchessault is over, Jonathan Marchessault is back on ice.
7:28 of 1st period - Snap shot by Jonathan Marchessault.
7:28 of 1st period - Stopped by Corey Crawford with a rebound.
7:49 of 1st period - Slapshot by Radko Gudas.
7:49 of 1st period - Shot Misses the Net.
7:51 of 1st period - Backhand shot by Radko Gudas.
7:51 of 1st period - Deflect By Jake Gardiner.
7:51 of 1st period - Stopped by Corey Crawford with a rebound.
7:53 of 1st period - Wrist shot by Johnny Boychuk.
7:53 of 1st period - Deflect By Jussi Jokinen.
7:53 of 1st period - Shot Blocked by Matt Dumba.
7:53 of 1st period - Puck is out of play.
7:54 of 1st period - Carl Soderberg wins face-off versus Justin Scott in Islanders zone.
7:55 of 1st period - Snap shot by Drew Stafford.
7:55 of 1st period - Stopped by Corey Crawford without a rebound.
7:56 of 1st period - Carl Soderberg wins face-off versus Justin Scott in Islanders zone.
8:03 of 1st period - Slapshot by Viktor Stalberg.
8:03 of 1st period - Stopped by Corey Crawford with a rebound.
9:27 of 1st period - Slapshot by Timo Meier.
9:27 of 1st period - Stopped by Braden Holtby without a rebound.
9:28 of 1st period - Radek Faksa wins face-off versus Antoine Vermette in Lightning zone.
9:46 of 1st period - Jake Gardiner is hit by Johnny Boychuk and loses puck.
10:07 of 1st period - Ryan Nugent-Hopkins is hit by Nicklas Backstrom and loses puck.
10:22 of 1st period - Snap shot by Nick Foligno.
10:22 of 1st period - Deflect By Chris Mueller.
10:22 of 1st period - Stopped by Corey Crawford with a rebound.
10:24 of 1st period - Wrist shot by Nick Foligno.
10:24 of 1st period - Deflect By Karl Alzner.
10:24 of 1st period - Shot Blocked by Chris Mueller.
10:24 of 1st period - Puck is out of play.
10:25 of 1st period - Matt Cullen wins face-off versus Tyler Bozak in Islanders zone.
10:38 of 1st period - Snap shot by Nick Foligno.
10:38 of 1st period - Stopped by Corey Crawford with a rebound.
10:40 of 1st period - Backhand shot by Radim Vrbata.
10:40 of 1st period - Shot Misses the Net.
10:42 of 1st period - Slapshot by Noah Hanifin.
10:42 of 1st period - Stopped by Corey Crawford without a rebound.
10:43 of 1st period - Nicklas Backstrom wins face-off versus Ryan Nugent-Hopkins in Islanders zone.
11:22 of 1st period - Snap shot by Antoine Vermette.
11:22 of 1st period - Stopped by Corey Crawford without a rebound.
11:23 of 1st period - Tyler Bozak wins face-off versus Radim Vrbata in Islanders zone.
11:36 of 1st period - Slapshot by Nick Foligno.
11:36 of 1st period - Stopped by Corey Crawford without a rebound.
11:37 of 1st period - Ryan Nugent-Hopkins wins face-off versus Nicklas Backstrom in Islanders zone.
11:52 of 1st period - Snap shot by Kyle Palmieri.
11:52 of 1st period - Stopped by Braden Holtby with a rebound.
11:54 of 1st period - Wrist shot by Nicklas Backstrom.
11:54 of 1st period - Stopped by Braden Holtby without a rebound.
11:55 of 1st period - Antoine Vermette wins face-off versus Tyler Bozak in Lightning zone.
11:57 of 1st period - Icing by Ryan Dzingel.
11:58 of 1st period - Antoine Vermette wins face-off versus Tyler Bozak in Lightning zone.
12:07 of 1st period - Johnny Boychuk is hit by Karl Alzner and loses puck.
12:46 of 1st period - Snap shot by Nick Foligno.
12:46 of 1st period - Shot Misses the Net.
12:48 of 1st period - Slapshot by Dennis Seidenberg.
12:48 of 1st period - Shot Blocked by Matt Dumba.
12:50 of 1st period - Slapshot by Johnny Boychuk.
12:50 of 1st period - Shot Misses the Net.
12:52 of 1st period - Slapshot by Matt Cullen.
12:52 of 1st period - Stopped by Corey Crawford with a rebound.
12:54 of 1st period - Snap shot by Nick Foligno.
12:54 of 1st period - Shot Misses the Net.
12:56 of 1st period - Snap shot by Matt Cullen.
12:56 of 1st period - Deflect By Matt Dumba.
12:56 of 1st period - Shot Misses the Net.
12:56 of 1st period - Puck is out of play.
12:57 of 1st period - Nicklas Backstrom wins face-off versus Ryan Nugent-Hopkins in Islanders zone.
13:10 of 1st period - Wrist shot by Nicklas Backstrom.
13:10 of 1st period - Shot Misses the Net.
13:24 of 1st period - Matt Cullen is hit by Jesper Fast and loses puck.
13:55 of 1st period - Slapshot by Matt Dumba.
13:55 of 1st period - Shot Misses the Net.
14:07 of 1st period - Alex Goligoski is hit by Michal Rozsival and loses puck.
15:05 of 1st period - Off-side.
15:06 of 1st period - Carl Soderberg wins face-off versus Radek Faksa in neutral zone.
15:10 of 1st period - Off-side.
15:11 of 1st period - Viktor Stalberg wins face-off versus Nicklas Backstrom in neutral zone.
15:28 of 1st period - Wrist shot by Drew Stafford.
15:28 of 1st period - Shot Blocked by Karl Alzner.
15:48 of 1st period - Wrist shot by Kerby Rychel.
15:48 of 1st period - Stopped by Braden Holtby with a rebound.
15:50 of 1st period - Slapshot by Karl Alzner.
15:50 of 1st period - Shot Misses the Net.
15:52 of 1st period - Slapshot by Karl Alzner.
15:52 of 1st period - Deflect By Radek Faksa.
15:52 of 1st period - Stopped by Braden Holtby without a rebound.
15:53 of 1st period - Ryan Nugent-Hopkins wins face-off versus Tyler Bozak in Lightning zone.
16:42 of 1st period - Snap shot by Nicklas Backstrom.
16:42 of 1st period - Stopped by Braden Holtby without a rebound.
16:43 of 1st period - Radim Vrbata wins face-off versus Timo Meier in Lightning zone.
17:18 of 1st period - Slapshot by Jonathan Marchessault.
17:18 of 1st period - Shot Misses the Net.
17:40 of 1st period - Snap shot by Nicklas Backstrom.
17:40 of 1st period - Stopped by Braden Holtby with a rebound.
17:42 of 1st period - Slapshot by Alex Goligoski.
17:42 of 1st period - Shot Blocked by Noah Hanifin.
18:26 of 1st period - Slapshot by Antoine Vermette.
18:26 of 1st period - Shot Misses the Net.
18:28 of 1st period - Snap shot by Antoine Vermette.
18:28 of 1st period - Stopped by Corey Crawford without a rebound.
18:29 of 1st period - Ryan Nugent-Hopkins wins face-off versus Nicklas Backstrom in Islanders zone.
18:30 of 1st period - Snap shot by Tyler Seguin.
18:30 of 1st period - Shot Blocked by Ryan Murray.
18:58 of 1st period - Wrist shot by Chris Mueller.
18:58 of 1st period - Stopped by Braden Holtby with a rebound.
19:00 of 1st period - Backhand shot by Jesper Fast.
19:00 of 1st period - Stopped by Braden Holtby without a rebound.
19:01 of 1st period - Tyler Bozak wins face-off versus Radim Vrbata in Lightning zone.
19:12 of 1st period - Snap shot by Nick Foligno.
19:12 of 1st period - Shot Misses the Net.
19:14 of 1st period - Snap shot by Johnny Boychuk.
19:14 of 1st period - Stopped by Corey Crawford with a rebound.
19:16 of 1st period - Wrist shot by Nick Foligno.
19:16 of 1st period - Shot Blocked by Alex Goligoski.
19:41 of 1st period - Snap shot by Chris Mueller.
19:41 of 1st period - Stopped by Braden Holtby with a rebound.
19:59 of 1st period - Snap shot by Johnny Boychuk.
19:59 of 1st period - Shot Blocked by Jordie Benn.
Goals for this period are 0 for Lightning vs 0 for Islanders.
Shots for this period are 16 for Lightning vs 12 for Islanders.

2nd period


0:01 of 2nd period - Ryan Nugent-Hopkins wins face-off versus Nicklas Backstrom in neutral zone.
0:01 of 2nd period - Tyler Seguin is hit by Kyle Palmieri and loses puck.
0:25 of 2nd period - Icing by Kyle Palmieri.
0:26 of 2nd period - Tyler Bozak wins face-off versus Radim Vrbata in Islanders zone.
0:37 of 2nd period - Wrist shot by Radim Vrbata.
0:37 of 2nd period - Stopped by Corey Crawford with a rebound.
1:30 of 2nd period - Karl Alzner is hit by Carl Soderberg and loses puck.
1:50 of 2nd period - Slapshot by Chris Mueller.
1:50 of 2nd period - Stopped by Braden Holtby without a rebound.
1:51 of 2nd period - Tyler Bozak wins face-off versus Radim Vrbata in Lightning zone.
2:17 of 2nd period - Jonathan Marchessault is hit by Vladimir Tarasenko and loses puck.
3:06 of 2nd period - Carl Soderberg is hit by Justin Scott and loses puck.
4:04 of 2nd period - Off-side.
4:05 of 2nd period - Antoine Vermette wins face-off versus Radek Faksa in neutral zone.
4:18 of 2nd period - Wrist shot by Antoine Vermette.
4:18 of 2nd period - Shot Misses the Net.
4:30 of 2nd period - Radek Faksa is hit by Tyler Seguin and loses puck.
4:43 of 2nd period - Snap shot by Ryan Nugent-Hopkins.
4:43 of 2nd period - Shot Misses the Net.
5:05 of 2nd period - Slapshot by Vladimir Tarasenko.
5:05 of 2nd period - Stopped by Braden Holtby without a rebound.
5:06 of 2nd period - Tyler Bozak wins face-off versus Ryan Nugent-Hopkins in Lightning zone.
5:09 of 2nd period - Backhand shot by Jesper Fast.
5:09 of 2nd period - Stopped by Braden Holtby with a rebound.
5:11 of 2nd period - Slapshot by Matt Dumba.
5:11 of 2nd period - Stopped by Braden Holtby with a rebound.
5:38 of 2nd period - Wrist shot by Nick Foligno.
5:38 of 2nd period - Stopped by Corey Crawford with a rebound.
5:54 of 2nd period - Logan Shaw is hit by Johnny Boychuk and loses puck.
6:18 of 2nd period - Dennis Seidenberg is hit by Jesper Fast and loses puck.
6:57 of 2nd period - Radim Vrbata is hit by Alex Goligoski and loses puck.
8:16 of 2nd period - Minor Penalty to Radko Gudas for Hooking.
8:17 of 2nd period - Jussi Jokinen wins face-off versus Nicklas Backstrom in Lightning zone.
8:25 of 2nd period - Wrist shot by Vladimir Tarasenko.
8:25 of 2nd period - Stopped by Braden Holtby without a rebound.
8:26 of 2nd period - Matt Cullen wins face-off versus Nicklas Backstrom in Lightning zone.
8:47 of 2nd period - Off-side.
8:48 of 2nd period - Drew Stafford wins face-off versus Tyler Bozak in neutral zone.
8:54 of 2nd period - Off-side.
8:55 of 2nd period - Nicklas Backstrom wins face-off versus Drew Stafford in neutral zone.
10:16 of 2nd period - Penalty to Radko Gudas is over, Radko Gudas is back on ice.
10:24 of 2nd period - Wrist shot by Timo Meier.
10:24 of 2nd period - Shot Blocked by Dennis Seidenberg.
12:20 of 2nd period - Nick Foligno is hit by Radek Faksa and loses puck.
12:41 of 2nd period - Nick Foligno is hit by Logan Shaw.
12:45 of 2nd period - Colin Greening is hit by Nick Foligno and loses puck.
12:57 of 2nd period - Justin Scott is hit by Andrej Sekera.
13:25 of 2nd period - Snap shot by Radim Vrbata.
13:25 of 2nd period - Shot Misses the Net.
13:27 of 2nd period - Snap shot by Nick Foligno.
13:27 of 2nd period - Stopped by Corey Crawford with a rebound.
13:29 of 2nd period - Slapshot by Andrej Sekera.
13:29 of 2nd period - Shot Blocked by Logan Shaw.
13:33 of 2nd period - Snap shot by Radim Vrbata.
13:33 of 2nd period - Shot Misses the Net.
13:35 of 2nd period - Slapshot by Andrej Sekera.
13:35 of 2nd period - Deflect By Jake Gardiner.
13:35 of 2nd period - Stopped by Corey Crawford with a rebound.
13:37 of 2nd period - Snap shot by Nick Foligno.
13:37 of 2nd period - Stopped by Corey Crawford with a rebound.
13:43 of 2nd period - Slapshot by Matt Cullen.
13:43 of 2nd period - Shot Misses the Net.
13:45 of 2nd period - Snap shot by Matt Cullen.
13:45 of 2nd period - Shot Misses the Net.
13:47 of 2nd period - Wrist shot by Matt Cullen.
13:47 of 2nd period - Goal by Matt Cullen - Lightning : 1 - Islanders : 0.
13:48 of 2nd period - Nicklas Backstrom wins face-off versus Ryan Nugent-Hopkins in neutral zone.
14:13 of 2nd period - Wrist shot by Drew Stafford.
14:13 of 2nd period - Stopped by Corey Crawford with a rebound.
14:15 of 2nd period - Slapshot by Viktor Stalberg.
14:15 of 2nd period - Shot Blocked by Alex Goligoski.
14:17 of 2nd period - Slapshot by Johnny Boychuk.
14:17 of 2nd period - Shot Misses the Net.
14:19 of 2nd period - Snap shot by Carl Soderberg.
14:19 of 2nd period - Deflect By Viktor Stalberg.
14:19 of 2nd period - Shot Blocked by Karl Alzner.
14:19 of 2nd period - Puck is out of play.
14:20 of 2nd period - Carl Soderberg wins face-off versus Tyler Bozak in Islanders zone.
14:29 of 2nd period - Snap shot by Jesper Fast.
14:29 of 2nd period - Stopped by Braden Holtby with a rebound.
14:34 of 2nd period - Carl Soderberg is hit by Matt Dumba and loses puck.
15:10 of 2nd period - Timo Meier is hit by Ryan Nugent-Hopkins and loses puck.
15:15 of 2nd period - Snap shot by Tyler Seguin.
15:15 of 2nd period - Stopped by Corey Crawford without a rebound.
15:16 of 2nd period - Nicklas Backstrom wins face-off versus Ryan Nugent-Hopkins in Islanders zone.
15:18 of 2nd period - Minor Penalty to Nicklas Backstrom for Hooking.
15:19 of 2nd period - Nick Foligno wins face-off versus Colin Greening in Islanders zone.
17:18 of 2nd period - Penalty to Nicklas Backstrom is over, Nicklas Backstrom is back on ice.
17:46 of 2nd period - Drew Stafford is hit by Vladimir Tarasenko and loses puck.
18:42 of 2nd period - Andrej Sekera is hit by Justin Scott and loses puck.
Goals for this period are 1 for Lightning vs 0 for Islanders.
Shots for this period are 8 for Lightning vs 6 for Islanders.

3rd period


0:01 of 3rd period - Nicklas Backstrom wins face-off versus Ryan Nugent-Hopkins in neutral zone.
0:56 of 3rd period - Minor Penalty to Dennis Seidenberg for High sticking.
0:57 of 3rd period - Nicklas Backstrom wins face-off versus Jussi Jokinen in Lightning zone.
1:29 of 3rd period - Jake Gardiner is hit by Nick Foligno and loses puck.
1:34 of 3rd period - Slapshot by Ryan Nugent-Hopkins.
1:34 of 3rd period - Shot Misses the Net.
2:56 of 3rd period - Penalty to Dennis Seidenberg is over, Dennis Seidenberg is back on ice.
3:20 of 3rd period - Snap shot by Karl Alzner.
3:20 of 3rd period - Shot Misses the Net.
3:22 of 3rd period - Snap shot by Justin Scott.
3:22 of 3rd period - Shot Misses the Net.
3:24 of 3rd period - Snap shot by Colin Greening.
3:24 of 3rd period - Shot Blocked by Andrej Sekera.
3:26 of 3rd period - Slapshot by Karl Alzner.
3:26 of 3rd period - Stopped by Braden Holtby with a rebound.
3:28 of 3rd period - Snap shot by Karl Alzner.
3:28 of 3rd period - Shot Blocked by Radko Gudas.
3:30 of 3rd period - Wrist shot by Alex Goligoski.
3:30 of 3rd period - Shot Blocked by Andrej Sekera.
3:37 of 3rd period - Icing by Radko Gudas.
3:38 of 3rd period - Radek Faksa wins face-off versus Radim Vrbata in Lightning zone.
3:45 of 3rd period - Snap shot by Matt Cullen.
3:45 of 3rd period - Stopped by Corey Crawford without a rebound.
3:46 of 3rd period - Vladimir Tarasenko wins face-off versus Ryan Nugent-Hopkins in Islanders zone.
3:57 of 3rd period - Ryan Nugent-Hopkins is hit by Jake Gardiner and loses puck.
4:34 of 3rd period - Off-side.
4:35 of 3rd period - Radim Vrbata wins face-off versus Radek Faksa in neutral zone.
4:46 of 3rd period - Nick Foligno is hit by Ryan Murray and loses puck.
5:27 of 3rd period - Wrist shot by Antoine Vermette.
5:27 of 3rd period - Stopped by Corey Crawford with a rebound.
5:29 of 3rd period - Wrist shot by Antoine Vermette.
5:29 of 3rd period - Shot Blocked by Jordie Benn.
5:31 of 3rd period - Slapshot by Michal Rozsival.
5:31 of 3rd period - Stopped by Corey Crawford with a rebound.
5:43 of 3rd period - Viktor Stalberg is hit by Logan Shaw and loses puck.
6:52 of 3rd period - Wrist shot by Jesper Fast.
6:52 of 3rd period - Shot Blocked by Andrej Sekera.
6:54 of 3rd period - Slapshot by Alex Goligoski.
6:54 of 3rd period - Deflect By Chris Mueller.
6:54 of 3rd period - Stopped by Braden Holtby without a rebound.
6:55 of 3rd period - Antoine Vermette wins face-off versus Tyler Bozak in Lightning zone.
7:08 of 3rd period - Snap shot by Jussi Jokinen.
7:08 of 3rd period - Stopped by Corey Crawford with a rebound.
7:45 of 3rd period - Slapshot by Noah Hanifin.
7:45 of 3rd period - Shot Blocked by Radek Faksa.
7:47 of 3rd period - Snap shot by Radim Vrbata.
7:47 of 3rd period - Stopped by Corey Crawford with a rebound.
7:49 of 3rd period - Wrist shot by Matt Cullen.
7:49 of 3rd period - Deflect By Jake Gardiner.
7:49 of 3rd period - Stopped by Corey Crawford without a rebound.
7:50 of 3rd period - Tyler Bozak wins face-off versus Ryan Nugent-Hopkins in Islanders zone.
8:15 of 3rd period - Snap shot by Radek Faksa.
8:15 of 3rd period - Stopped by Braden Holtby without a rebound.
8:16 of 3rd period - Radek Faksa wins face-off versus Antoine Vermette in Lightning zone.
8:31 of 3rd period - Wrist shot by Antoine Vermette.
8:31 of 3rd period - Goal by Antoine Vermette - Lightning : 2 - Islanders : 0.
8:32 of 3rd period - Nicklas Backstrom wins face-off versus Jonathan Marchessault in neutral zone.
8:59 of 3rd period - Ryan Dzingel is hit by Tyler Bozak and loses puck.
9:20 of 3rd period - Wrist shot by Matt Dumba.
9:20 of 3rd period - Stopped by Braden Holtby with a rebound.
9:22 of 3rd period - Minor Penalty to Radko Gudas for Hooking.
9:23 of 3rd period - Matt Cullen wins face-off versus Nicklas Backstrom in Lightning zone.
9:32 of 3rd period - Slapshot by Matt Cullen.
9:32 of 3rd period - Shot Misses the Net.
9:34 of 3rd period - Slapshot by Johnny Boychuk.
9:34 of 3rd period - Shot Blocked by Alex Goligoski.
9:36 of 3rd period - Slapshot by Johnny Boychuk.
9:36 of 3rd period - Shot Blocked by Karl Alzner.
9:38 of 3rd period - Slapshot by Dennis Seidenberg.
9:38 of 3rd period - Shot Blocked by Vladimir Tarasenko.
9:54 of 3rd period - Slapshot by Alex Goligoski.
9:54 of 3rd period - Deflect By Tyler Bozak.
9:54 of 3rd period - Deflect By Nick Foligno.
9:54 of 3rd period - Stopped by Braden Holtby without a rebound.
9:55 of 3rd period - Ryan Nugent-Hopkins wins face-off versus Tyler Bozak in Lightning zone.
10:22 of 3rd period - Icing by Matt Dumba.
10:23 of 3rd period - Ryan Nugent-Hopkins wins face-off versus Tyler Bozak in Islanders zone.
10:30 of 3rd period - Slapshot by Matt Dumba.
10:30 of 3rd period - Goal by Matt Dumba - Lightning : 2 - Islanders : 1.
10:31 of 3rd period - Radim Vrbata wins face-off versus Nicklas Backstrom in neutral zone.
11:11 of 3rd period - Snap shot by Jesper Fast.
11:11 of 3rd period - Stopped by Braden Holtby without a rebound.
11:12 of 3rd period - Jussi Jokinen wins face-off versus Radek Faksa in Lightning zone.
11:12 of 3rd period - Jussi Jokinen is hit by Kerby Rychel.
11:22 of 3rd period - Slapshot by Jussi Jokinen.
11:22 of 3rd period - Shot Blocked by Matt Dumba.
11:24 of 3rd period - Wrist shot by Antoine Vermette.
11:24 of 3rd period - Deflect By Ryan Dzingel.
11:24 of 3rd period - Shot Hit the Post.
11:24 of 3rd period - Puck is out of play.
11:25 of 3rd period - Ryan Nugent-Hopkins wins face-off versus Vladimir Tarasenko in Islanders zone.
11:57 of 3rd period - Slapshot by Alex Goligoski.
11:57 of 3rd period - Shot Blocked by Andrej Sekera.
12:19 of 3rd period - Johnny Boychuk is hit by Matt Dumba and loses puck.
12:48 of 3rd period - Johnny Boychuk is hit by Colin Greening and loses puck.
12:49 of 3rd period - Johnny Boychuk from Lightning is injured at 12:49 of 3rd period (Right Foot).
12:50 of 3rd period - Nicklas Backstrom wins face-off versus Radim Vrbata in Lightning zone.
13:26 of 3rd period - Kyle Palmieri is hit by Jussi Jokinen and loses puck.
13:51 of 3rd period - Wrist shot by Drew Stafford.
13:51 of 3rd period - Stopped by Corey Crawford with a rebound.
13:53 of 3rd period - Wrist shot by Carl Soderberg.
13:53 of 3rd period - Shot Misses the Net.
14:29 of 3rd period - Kerby Rychel is hit by Dennis Seidenberg and loses puck.
15:05 of 3rd period - Matt Dumba is hit by Michal Rozsival and loses puck.
15:10 of 3rd period - Slapshot by Drew Stafford.
15:10 of 3rd period - Shot Misses the Net.
15:25 of 3rd period - Icing by Jake Gardiner.
15:26 of 3rd period - Ryan Nugent-Hopkins wins face-off versus Tyler Bozak in Islanders zone.
15:27 of 3rd period - Wrist shot by Tyler Seguin.
15:27 of 3rd period - Stopped by Corey Crawford without a rebound.
15:28 of 3rd period - Ryan Nugent-Hopkins wins face-off versus Timo Meier in Islanders zone.
15:58 of 3rd period - Slapshot by Andrej Sekera.
15:58 of 3rd period - Shot Misses the Net.
16:20 of 3rd period - Snap shot by Nick Foligno.
16:20 of 3rd period - Stopped by Corey Crawford with a rebound.
16:26 of 3rd period - Snap shot by Nick Foligno.
16:26 of 3rd period - Stopped by Corey Crawford with a rebound.
16:36 of 3rd period - Snap shot by Jesper Fast.
16:36 of 3rd period - Shot Blocked by Viktor Stalberg.
17:17 of 3rd period - Jordie Benn is hit by Antoine Vermette and loses puck.
17:38 of 3rd period - Wrist shot by Jesper Fast.
17:38 of 3rd period - Stopped by Braden Holtby with a rebound.
17:40 of 3rd period - Snap shot by Ryan Murray.
17:40 of 3rd period - Shot Blocked by Michal Rozsival.
17:42 of 3rd period - Snap shot by Jesper Fast.
17:42 of 3rd period - Shot Misses the Net.
18:38 of 3rd period - Nicklas Backstrom is hit by Michal Rozsival and loses puck.
19:00 of 3rd period - Islanders, Corey Crawford is pulled from the net.
19:02 of 3rd period - Wrist shot by Vladimir Tarasenko.
19:02 of 3rd period - Shot Blocked by Michal Rozsival.
19:04 of 3rd period - Slapshot by Karl Alzner.
19:04 of 3rd period - Stopped by Braden Holtby without a rebound.
19:05 of 3rd period - Davis Payne call a timeout for Islanders.
19:05 of 3rd period - Nicklas Backstrom wins face-off versus Nick Foligno in Lightning zone.
19:08 of 3rd period - Snap shot by Nicklas Backstrom.
19:08 of 3rd period - Shot Misses the Net.
19:10 of 3rd period - Wrist shot by Nicklas Backstrom.
19:10 of 3rd period - Shot Misses the Net.
19:28 of 3rd period - Wrist shot by Vladimir Tarasenko.
19:28 of 3rd period - Stopped by Braden Holtby without a rebound.
19:29 of 3rd period - Nicklas Backstrom wins face-off versus Tyler Seguin in Lightning zone.
Goals for this period are 1 for Lightning vs 1 for Islanders.
Shots for this period are 11 for Lightning vs 10 for Islanders.